 Dungeon Crawl Stone Soup version 0.17-a0-1778-gd369669 (webtiles) character file.

352 ololoev the Poker (level 6, -3/48 HPs)
             Began as a Draconian Skald on Sept 8, 2015.
             Slain by a worker ant (5 damage)
             ... on level 4 of the Dungeon.
             The game lasted 00:08:04 (3121 turns).

ololoev the Poker (Draconian Skald)                 Turns: 3121, Time: 00:08:05

Health: -3/48      AC:  7    Str: 15      XL:     6   Next: 34%
Magic:  6/9        EV: 11    Int: 12      God:
Gold:   107        SH:  0    Dex:  8 (12) Spells: 2 memorised, 6 levels left

rFire  . . .     SeeInvis .     a - +0 spear
rCold  . . .     Clarity  .     (armour unavailable)
rNeg   . . .     SustAt   .     (no shield)
rPois  .         Gourm    .     (helmet restricted)
rElec  .         Spirit   .     k - +0 cloak
rCorr  .         Warding  .     (no gloves)
rMut   .         Stasis   .     (no boots)
MR     .....                    (no amulet)
Stlth  +.........               (no ring)
                                (no ring)

@: lethally poisoned (-3 -> -12), infused (expiring), not resistant to hostile
enchantments, very unstealthy
A: unfitting armour, cold-blooded, AC +6
a: no special abilities


Innate Abilities, Weirdness & Mutations

Your plain brown scales are hard (AC +6).
Your body does not fit into most forms of armour.
You are cold-blooded and may be slowed by cold attacks.

Inventory:

Hand weapons
 a - a +0 spear (weapon)
Armour
 k - a +0 cloak (worn)
 v - a +0 buckler
Magical devices
 i - a wand of flame (21)
Scrolls
 e - 2 scrolls of noise {unknown}
 l - a scroll of teleportation {unknown}
 o - 2 scrolls of immolation {unknown}
 p - 2 scrolls of remove curse {unknown}
 r - 2 scrolls of recharging {unknown}
 s - a scroll of enchant weapon {unknown}
 u - a scroll of fog {unknown}
Potions
 d - a potion of magic
 g - a potion of degeneration
 h - 2 potions of brilliance
 j - a potion of cure mutation
 m - a potion of might {unknown}
 q - a potion of heal wounds {unknown}
Books
 b - a book of Battle

   Spells                             Type                      Level
   a - Infusion                       Charms                       1
   b - Shroud of Golubria             Charms/Translocation         2
   c - Song of Slaying                Charms                       2
   d - Spectral Weapon                Hexes/Charms                 3
   e - Regeneration                   Charms/Necromancy            3
Comestibles
 c - 3 bread rations
 f - a beef jerky
 n - 2 slices of pizza
 t - 9 chunks of flesh


   Skills:
 - Level 2.1 Fighting
 + Level 5.8 Polearms
 - Level 1.3 Dodging
 + Level 0.4 Shields
 - Level 2.0 Spellcasting
 - Level 2.6 Charms
 + Level 3.1 Evocations


You had 6 spell levels left.
You knew the following spells:

 Your Spells              Type           Power        Failure   Level  Hunger
a - Infusion              Chrm           #.....       12%         1    ##.....
b - Song of Slaying       Chrm           #.......     14%         2    ###....


You were on level 4 of the Dungeon.
You were not hungry.

You visited 1 branch of the dungeon, and saw 4 of its levels.

You collected 163 gold pieces.
You spent 56 gold pieces at shops.

#......................#
#......................#
#......................#.
#..................#.....
#..................#.....
.........................
...........^.............
.......÷a.######.........
.......÷@................
.........................
....#....................
... #....................
.. #............ .
#####........ #######..

Notes
Turn   | Place    | Note
--------------------------------------------------------------
     0 | D:1      | ololoev the Draconian Skald began the quest for the Orb.
     0 | D:1      | Reached XP level 1. HP: 17/17 MP: 3/3
   247 | D:1      | Reached XP level 2. HP: 24/24 MP: 5/5
   322 | D:1      | Reached skill level 3 in Polearms
   719 | D:2      | Found a shimmering altar of Xom.
   750 | D:2      | Found an ancient bone altar of Kikubaaqudgha.
   750 | D:2      | Found a glowing golden altar of the Shining One.
   801 | D:2      | You fall through a shaft for 2 floors!
   822 | D:4      | Learned a level 2 spell: Song of Slaying
   823 | D:4      | Reached XP level 3. HP: 29/29 MP: 3/6
   895 | D:4      | Found Ynlooth's Magic Scroll Shoppe.
   899 | D:4      | Bought a scroll of identify for 28 gold pieces
   899 | D:4      | Bought a scroll of identify for 28 gold pieces
   924 | D:4      | Reached skill level 4 in Polearms
  1013 | D:4      | Reached XP level 4. HP: 6/36 MP: 2/7
  1309 | D:3      | Found a shattered altar of Ashenzari.
  1347 | D:3      | Noticed Robin
  1626 | D:2      | Noticed Natasha
  1638 | D:2      | Killed Natasha
  1638 | D:2      | Reached skill level 5 in Polearms
  1638 | D:2      | Reached skill level 1 in Evocations
  1666 | D:2      | Noticed Natasha
  1704 | D:2      | Killed Natasha
  1704 | D:2      | Reached XP level 5. HP: 28/41 MP: 8/8
  2244 | D:3      | Killed Robin
  2311 | D:3      | Found a snail-covered altar of Cheibriados.
  2655 | D:3      | Reached XP level 6. HP: 43/48 MP: 1/9
  3121 | D:4      | HP: 2/48 [poisoned by a worker ant]
  3121 | D:4      | Slain by a worker ant

Dungeon Overview and Level Annotations

Branches:
Dungeon (4/15)
 Temple: D:4-7

Altars:
Ashenzari
Cheibriados
Kikubaaqudgha
Xom
The Shining One

Shops:
D:4 ?


Message History

You are too injured to fight recklessly!
You are too injured to fight recklessly!
You are too injured to fight recklessly!
You are too injured to fight recklessly!
You are too injured to fight recklessly!
You are too injured to fight recklessly!
You are too injured to fight recklessly!
You are too injured to fight recklessly!
You are too injured to fight recklessly!
You are too injured to fight recklessly!
You hit the worker ant.
The worker ant is severely wounded.
You feel sick.
You closely miss the worker ant.
The worker ant is severely wounded.
The worker ant bites you.
You closely miss the worker ant.
The worker ant is severely wounded.
You feel sick. The worker ant bites you.
You hit the worker ant.
The worker ant is severely wounded.
The worker ant bites you.
You are lethally poisoned!
The worker ant poisons you!
You barely miss the worker ant.
The worker ant is severely wounded.
You feel sick. The worker ant barely misses you.
You hit the worker ant.
The worker ant is severely wounded.
You feel sick. The worker ant misses you.
You closely miss the worker ant.
The worker ant is severely wounded.
Your magical infusion is running out.
You feel sick. The worker ant bites you.
Drink which item? (? for menu, Esc to quit)
It was a potion of degeneration.
There was something very wrong with that liquid.
You feel clumsy.
You feel sick. The worker ant bites you.
You die...

You could see a worker ant.

Vanquished Creatures
  A jelly (D:3)
  4 orc wizards
  Natasha (twice) (D:2)
  2 worker ants (D:4)
  Robin (D:3)
  An adder (D:4)
  2 oozes
  2 worms
  4 giant geckos
  16 orcs
  10 bats
  A giant cockroach (D:3)
  8 hobgoblins
  4 kobolds
  3 ball pythons
  3 giant newts
  11 goblins
  6 jackals (D:4)
  9 rats
90 creatures vanquished.

Action                   |  1- 3 |  4- 6 || total
-------------------------+-------+-------++-------
Melee: Spear             |   120 |   268 ||   388
 Cast: Infusion          |     3 |     9 ||    12
       Song of Slaying   |       |     8 ||     8
  Use: Scroll            |     3 |     2 ||     5
       Potion            |     1 |     2 ||     3
 Stab: Sleeping          |     1 |     1 ||     2
       Distracted        |       |     1 ||     1
  Eat: Chunk             |       |     9 ||     9

Vault maps used:
D:1:      lightli_arrival_quake
D:2:      nicolae_overflow_crystal_walls, gammafunk_temple_overflow_pools,
          first_bread, hangedman_abyss_or_decor_stabs, uniq_natasha
D:3:      ashenzari_altar_1, cheibriados_altar_1, uniq_robin
D:4:      minmay_temple_entry_grid, serial_shops, kennysheep_mini_moat
